 Dungeon Crawl Stone Soup version 0.29-a0-340-g6efceafd81 (webtiles) character file.

Game seed: 5338767572766564965

12 spaghetti the Caller (level 2, 19/20 HPs)
             Began as a Gnoll Summoner on Apr 19, 2022.
             Was a Follower of Elyvilon.
             Quit the game on level 1 of the Dungeon.
             The game lasted 00:01:24 (797 turns).

spaghetti the Caller (Gnoll Summoner)                Turns: 797, Time: 00:01:25

Health: 19/20      AC:  2    Str:  7    XL:     2   Next: 33%
Magic:  7/7        EV: 13    Int: 14    God:    Elyvilon [*.....]
Gold:   38         SH:  0    Dex: 12    Spells: 7/10 levels left

rFire   . . .      SeeInvis .   l - +3 dagger (vamp) {short}
rCold   . . .      Faith    .   (no shield)
rNeg    . . .      Spirit   .   a - +0 robe
rPois   .          Reflect  .   (no helmet)
rElec   .          Harm     .   (no cloak)
rCorr   .          Rampage  .   (no gloves)
Will    .....                   (no boots)
Stlth   ++........              (no amulet)
HPRegen 0.06/turn               (no ring)
MPRegen 0.10/turn               (no ring)

@: no status effects
A: fangs 1, strong nose, distributed training
a: Renounce Religion, Purification


You were on level 1 of the Dungeon.
You worshipped Elyvilon.
Elyvilon was aware of your devotion.
You visited 1 branch of the dungeon, and saw 1 of its levels.

You collected 38 gold pieces.


Innate Abilities, Weirdness & Mutations

You have very sharp teeth.
Your uncanny sense of smell can sniff out nearby items.
Your experience applies equally to all skills.


   Skills:
 + Level 0.3 Fighting
 + Level 0.3 Short Blades
 + Level 0.3 Long Blades
 + Level 0.3 Axes
 + Level 0.3 Maces & Flails
 + Level 0.3 Polearms
 + Level 0.3 Staves
 + Level 0.3 Slings
 + Level 0.3 Bows
 + Level 0.3 Crossbows
 + Level 0.3 Throwing
 + Level 0.3 Armour
 + Level 4.4 Dodging
 + Level 4.0 Stealth
 + Level 0.3 Shields
 + Level 0.3 Unarmed Combat
 + Level 4.9 Spellcasting
 + Level 0.2 Conjurations
 + Level 0.2 Hexes
 + Level 7.0 Summonings
 + Level 0.2 Necromancy
 + Level 0.2 Translocations
 + Level 0.2 Transmutations
 + Level 0.2 Fire Magic
 + Level 0.2 Ice Magic
 + Level 0.2 Air Magic
 + Level 0.2 Earth Magic
 + Level 0.2 Poison Magic
 + Level 0.4 Invocations
 + Level 0.3 Evocations


You had 7 spell levels left.
You knew the following spells:

 Your Spells              Type           Power      Damage    Failure   Level
a - Summon Small Mammal   Summ           92%        N/A       1%          1
b - Call Imp              Summ           23%        N/A       1%          2

Your spell library contained the following spells:

 Spells                   Type           Power      Damage    Failure   Level
 Call Canine Familiar     Summ           23%        N/A       3%          3
 Summon Guardian Golem    Hex/Summ       13%        N/A       12%         3
 Summon Lightning Spire   Summ/Air       13%        N/A       36%         4

Inventory:

Hand Weapons
 d - a +0 dagger {short}
   (You took it off a goblin on level 1 of the Dungeon)
 l - a +3 vampiric dagger (weapon) {short}
   (You found it on level 1 of the Dungeon)
Missiles
 e - 5 stones {throwing}
 n - 5 poisoned darts {throwing}
Armour
 a - a +0 robe (worn)
Scrolls
 c - a scroll of fear {unknown}
 f - 2 scrolls of identify {unknown}
 h - a scroll of teleportation {unknown}
 o - a scroll of immolation {unknown}
 q - a scroll of vulnerability {unknown}
Potions
 b - a potion of magic
 g - a potion of brilliance {unknown}
 i - a potion of heal wounds {unknown}
 j - a potion of curing {unknown}
 k - a potion of haste {unknown}
 m - a potion of ambrosia {unknown}
 p - a potion of berserk rage {unknown}

Dungeon Overview and Level Annotations

Branches:
Dungeon (1/15)

Altars:
Elyvilon

#_# #.#
##.###.#
##...##.#
#.....#.#
#.....#.#
#P....#.#
#.....#.#
###b###.#
#@....#
#######


You could see a bat.


Message History

No target in view!
You see here a +2 whip of freezing {mace}.
Press: ? - help, . - travel You can't see that place. [the floor.]
You see here a +0 club {mace}.
Found a stone staircase leading down.
A goblin and a rat come into view.
Press: ? - help, . - travel You can't see that place. [a rock wall.]
Press: ? - help, . - travel You can't see that place. [the floor.]
There is an open door here.
You hit the withered plant.
The withered plant begins to crumble.
You hit the withered plant. You punch the withered plant.
You bite the withered plant. You hit the withered plant.
You hit the withered plant.
The withered plant crumbles away.
There is a faded altar of an unknown god here.
You hit the plant.
The plant begins to die.
You bite the plant, but do no damage. You hit the plant. You hit the plant.
You bite the plant, but do no damage. You hit the plant.
A nearby plant withers and dies.
You hit the plant.
The plant begins to die.
You bite the plant. You hit the plant. You bite the plant, but do no damage.
You hit the plant but do no damage. You hit the plant.
A nearby plant withers and dies.
You hit the plant.
The plant begins to die.
You hit the plant but do no damage. You bite the plant, but do no damage.
You hit the plant. You hit the plant.
A nearby plant withers and dies.
As you open the door, it creaks loudly!
There is an open door here.
A bat comes into view.
The bat hits you but does no damage.
You hit the bat but do no damage. The bat closely misses you.
The bat attacks as you move away! The bat barely misses you.
The bat hits you but does no damage. The bat barely misses you.
There is an open door here.
The bat closely misses you. The bat attacks as you move away!
The bat misses you. The bat barely misses you.
The bat hits you but does no damage.
You closely miss the bat. The bat hits you.
The bat hits the withered plant.
The withered plant begins to crumble. 😕 HP[-1]
You take 1 damage, and now have 19/20 hp.
You hit the bat.
You feel better. The bat completely misses you.
The bat closely misses you. 😎 HP[+1]
Your hp is fully restored (20).
You closely miss the bat. The bat completely misses you.
The bat hits you but does no damage.
You miss the bat. The bat barely misses you.
The withered plant crumbles away.
The bat barely misses you.
You closely miss the bat. The bat closely misses you. The bat misses you.
The bat attacks as you move away! The bat closely misses you.
The bat barely misses you. The bat closely misses you.
The bat attacks as you move away! The bat closely misses you.
The bat hits you but does no damage. The bat misses you.
There is a faded altar of an unknown god here.
You cannot tell which god this altar belongs to.
Convert to them anyway?
Elyvilon accepts your prayer! Elyvilon welcomes you!
Elyvilon warns you to remove your +3 vampiric dagger.
You can now purify yourself.
The bat barely misses you.
Unknown command.
Press < or > to pray at altars.
Really attack while wielding your +3 vampiric dagger {short}?
This could place you under penance! [Y]es or [N]o only, please.
Really attack while wielding your +3 vampiric dagger {short}?
This could place you under penance! [Y]es or [N]o only, please.
Really attack while wielding your +3 vampiric dagger {short}?
This could place you under penance! [Y]es or [N]o only, please.
Really attack while wielding your +3 vampiric dagger {short}?
This could place you under penance! [Y]es or [N]o only, please.
Really attack while wielding your +3 vampiric dagger {short}?
This could place you under penance!
You closely miss the bat. The bat hits you but does no damage.
Unknown command.
Press < or > to pray at altars.
The bat attacks as you move away! The bat closely misses you.
The bat hits you but does no damage. The bat misses you.
The bat hits you but does no damage. The bat hits you but does no damage.
The bat attacks as you move away! The bat misses you.
The bat barely misses you. The bat hits you. 😕 HP[-1]
You take 1 damage, and now have 19/20 hp.
The bat attacks as you move away! The bat closely misses you.
The bat hits you but does no damage.
There is an open door here.
The bat misses you.
Are you sure you want to abandon this character and quit the game? (Confirm with "yes".)

Action                   || total
-------------------------++-------
Melee: Dagger            ||    36
       Unarmed           ||     7
       Bite              ||     7
       Punch             ||     1
 Cast: Summon Small Mamm ||    11
Armor: Robe              ||    14
Dodge: Dodged            ||    38

Levels and vault maps discovered:
D:1:      minmay_arrival_semitransparent, layout_basic,
          shapermc_ecumenical_altar_flowoftime

Notes
Turn   | Place    | Note
-------+----------+-------------------------------------------
     0 | D:1      | spaghetti the Gnoll Summoner began the quest for the Orb.
     0 | D:1      | Reached XP level 1. HP: 13/13 MP: 6/6
     0 | D:1      | magus.rc [v1.9.6]
   474 | D:1      | Reached XP level 2. HP: 19/19 MP: 7/7
   497 | D:1      | Learned a level 2 spell: Call Imp
   594 | D:1      | Found a faded altar of an unknown god.
   787 | D:1      | Prayed at the altar of an unknown god.
   787 | D:1      | Became a worshipper of Elyvilon the Healer
   787 | D:1      | Reached * piety under Elyvilon
   797 | D:1      | Quit the game

Vanquished Creatures
  A bat (D:1)
  An endoplasm (D:1)
  A goblin (D:1)
  A hobgoblin (D:1)
  A rat (D:1)
5 creatures vanquished.

Vanquished Creatures (collateral kills)
  A ball python (D:1)
  An endoplasm (D:1)
  A hobgoblin (D:1)
  A goblin (D:1)
  A kobold (D:1)
  A rat (D:1)
6 creatures vanquished.

Vanquished Creatures (others)
  3 plants (D:1)
  2 withered plants (D:1)
5 creatures vanquished.

Grand Total: 16 creatures vanquished

Table legend:
 A = Non-vault XP
 B = Vault XP
 C = Vault XP percentage of total XP
 D = Non-vault monster count
 E = Vault monster count
 F = Vault count percentage of total count
                 A         B        C        D         E       F
            +---------+---------+-------+---------+---------+-------
      Total |      18 |       0 |   0.0 |      11 |       0 |   0.0
            +---------+---------+-------+---------+---------+-------
        D:1 |      18 |       0 |   0.0 |      11 |       0 |   0.0
            +---------+---------+-------+---------+---------+-------

Illustrated notes

Table legend:
 A = Kills in this place as a percentage of kills in entire the game.
 B = Kills by you in this place as a percentage of kills by you in the entire game.
 C = Kills by friends in this place as a percentage of kills by friends in the entire game.
 D = Other kills in this place as a percentage of other kills in the entire game.
 E = Experience gained in this place as a percentage of experience gained in the entire game.
 F = Experience gained in this place divided by the number of levels of this place that you have seen.
                   A       B       C       D       E      F
               +-------+-------+-------+-------+-------+----------------------
         Total | 100.0 | 100.0 | 100.0 |   N/A | 100.0 |  18.0
       Dungeon | 100.0 | 100.0 | 100.0 |   N/A | 100.0 |  18.0
               +-------+-------+-------+-------+-------+----------------------

Table legend: (Time is in decaauts)
 A = Elapsed time spent in this place.
 B = Non-inter-level travel time spent in this place.
 C = Inter-level travel time spent in this place.
 D = Time resting spent in this place.
 E = Time spent auto-exploring this place.
 F = Levels seen in this place.
 G = Mean time per level.
                   A        B        C        D        E       F      G
               +--------+--------+--------+--------+--------+-----+--------+
         Total |    795 |    770 |     25 |    184 |    369 |   1 |  795.0 |
       Dungeon |    795 |    770 |     25 |    184 |    369 |   1 |  795.0 |
               +--------+--------+--------+--------+--------+-----+--------+

Top non-repeatable levels by time:
     D:1: 795 daAuts
